AoeStats
← You eff oh

Arabia

510132942Analyzed
2v2 RM · 3d ago on Sep 29, 2026· 50m 27s· 4 players
Game mode
Random Map
Map size
Medium (4 player)
Population
200
Speed
Normal
Resources
Standard
Victory
Conquest
Starting age
Dark Age
Ending age
Imperial Age
RankedLock teamsTeams togetherTeam positionsShared explorationLock speedFull tech treeHidden civsTurbo modeCheats
Victory
Defeat
🇨🇳 Huns · China
814
+18
🇺🇸 Teutons · United States
767
+45
🇺🇸 Slavs · United States
860
-19
🇺🇸 Goths · United States
839
-18
AbuzzLime8862
10:53 Feudal Age
19:26 Castle Age
21:52 Wheelbarrow
21:17 Horse Collar
21:24 Horse Collar
23:32 Loom
24:08 Double-Bit Axe
25:51 Hand Cart
25:53 Stone Mining
28:39 Stone Shaft Mining
27:55 Gold Mining
31:00 Elite Skirmisher
31:09 Pikeman
31:49 Squires
43:57 Imperial Age
46:41 Chemistry
47:31 Hoardings
47:04 Cavalier
50:27 Heavy Scorpion
31545054
1:03 Loom
12:07 Feudal Age
17:58 Castle Age
16:43 Bloodlines
17:15 Forging
17:57 Scale Barding Armor
19:51 Husbandry
21:16 Squires
24:08 Pikeman
27:39 Iron Casting
34:16 Double-Bit Axe
37:28 Imperial Age
36:20 Wheelbarrow
35:22 Elite Skirmisher
39:14 Fletching
39:25 Padded Archer Armor
40:26 Blast Furnace
40:21 Conscription
40:28 Hand Cart
39:59 Cavalier
40:57 Bodkin Arrow
41:18 Leather Archer Armor
40:40 Halberdier
43:57 Horse Collar
45:05 Paladin
46:53 Bracer
49:34 Chain Barding Armor
51:38 Plate Barding Armor
51:05 Scale Mail Armor
Shadowsnake
15:17 Feudal Age
18:32 Wheelbarrow
17:45 Double-Bit Axe
21:17 Horse Collar
30:07 Castle Age
30:59 Castle Age
29:40 Forging
29:31 Scale Mail Armor
32:12 Squires
31:33 Pikeman
32:15 Pikeman
44:26 Anarchy
44:48 Caravan
45:42 Iron Casting
You eff oh
2:04 Loom
12:05 Feudal Age
13:26 Wheelbarrow
12:34 Horse Collar
12:41 Double-Bit Axe
13:11 Town Watch
24:29 Castle Age
23:52 Scale Mail Armor
24:03 Forging
24:02 Scale Barding Armor
25:50 Hand Cart
25:37 Town Patrol
25:19 Pikeman
26:03 Squires
26:05 Gold Mining
26:06 Stone Mining
26:20 Heavy Plow
26:42 Bow Saw
28:39 Caravan
30:07 Chain Mail Armor
33:55 Detinets
39:45 Imperial Age
39:38 Chain Barding Armor
39:54 Iron Casting
39:38 Masonry
39:25 Murder Holes
40:26 Elite Boyar
42:13 Capped Ram
45:22 Siege Ram
48:13 Siege Engineers
Connection lost

Rejoining the realm…

Still unreachable

The connection could not be restored.

Session expired

The server has moved on; the page needs a fresh start.